 Dungeon Crawl Stone Soup version 0.30-a0-335-ge5acde7520 (webtiles) character file.

Game seed: 3035805208116464419

210 Shayle the Conjurer (level 5, -2/49 HPs)
             Began as a Naga Reaver on Oct 31, 2022.
             Was an Initiate of Cheibriados.
             Splashed by a jelly's acid (9 damage)
             ... on level 5 of the Dungeon.
             The game lasted 00:10:07 (3125 turns).

Shayle the Conjurer (Naga Reaver)                   Turns: 3125, Time: 00:10:08

Health: -2/49      AC: -5    Str: 15    XL:     5   Next: 87%
Magic:  9/9        EV:  9    Int: 17    God:    Cheibriados [......]
Gold:   271        SH:  0    Dex: 10    Spells: 9/10 levels left

rFire   . . .      SeeInvis +    m - +0 trident
rCold   . . .      Faith    .    (no shield)
rNeg    . . .      Spirit   .    q - +0 ring mail
rPois   +          Reflect  .    j - +2 hat
rElec   .          Harm     .    (no cloak)
rCorr   .          Rampage  .    (no gloves)
Will    .....                    (no barding)
Stlth   ..........               i - amulet of regeneration
HPRegen 1.08/turn                (no ring)
MPRegen 0.11/turn                (no ring)

@: corroded, very slow
A: AC +1, large, see invisible, deformed body, poison resistance, slowness 2,
spit poison 1, naga tail 1
a: Spit Poison, Renounce Religion


You were on level 5 of the Dungeon.
You worshipped Cheibriados.
Cheibriados was noncommittal.
You visited 1 branch of the dungeon, and saw 5 of its levels.

You collected 271 gold pieces.

Inventory:

Hand Weapons
 m - a +0 trident (weapon)
 s - a +2 dagger of protection
Armour
 b - a +0 leather armour
 j - a +2 hat (worn)
 q - a +0 ring mail (worn)
Jewellery
 i - an amulet of regeneration (around neck)
Scrolls
 a - 2 scrolls of enchant weapon {unknown}
 c - 2 scrolls of poison {unknown}
 e - 2 scrolls of blinking {unknown}
 f - 6 scrolls of identify {unknown}
 h - 2 scrolls of fear {unknown}
 k - a scroll of teleportation {unknown}
 n - a scroll of torment {unknown}
 o - a scroll of silence {unknown}
Potions
 d - a potion of degeneration
 p - a potion of berserk rage {unknown}
 r - 3 potions of mutation {unknown}
 t - a potion of ambrosia {unknown}


   Skills:
 + Level 3.1 Fighting
 + Level 3.8 Polearms
 + Level 2.5 Dodging
 + Level 3.0 Spellcasting
 + Level 3.8 Conjurations


You had 9 spell levels left.
You knew the following spells:

 Your Spells              Type           Power      Damage    Failure   Level
a - Kiss of Death         Conj/Necr      36%        2d8       16%         1

Your spell library contained the following spells:

 Spells                   Type           Power      Damage    Failure   Level
 Momentum Strike          Conj/Tloc      18%        3d8       24%         2
 Static Discharge         Conj/Air       18%        2-3/arc   24%         2
 Apportation              Tloc           4%         N/A       34%         1
 Necrotise                Necr           8%         1d4       34%         1
 Summon Small Mammal      Summ           8%         N/A       34%         1
 Hailstorm                Conj/Ice       9%         3d4       43%         3
 Sublimation of Blood     Necr           2%         N/A       45%         2
 Vhi's Electric Charge    Tloc/Air       4%         N/A       71%         3
 Petrify                  Tmut/Erth      2%         N/A       98%         4
 Arcjolt                  Conj/Air       4%         1d14      99%         5
 Irradiate                Conj/Tmut      4%         3d13      99%         5
 Lightning Bolt           Conj/Air       4%         1d16      99%         5


Dungeon Overview and Level Annotations

Branches:
Dungeon (5/15)
 Temple: D:4-7

Altars:
Cheibriados
Dithmenos
Vehumet


Innate Abilities, Weirdness & Mutations

Your serpentine skin is tough. (AC +1)
You have supernaturally acute eyesight. (SInv)
Armour fits poorly on your strangely shaped body.
Your system is resistant to poisons. (rPois)
You cover ground very slowly.
You can spit poison.
You have a snake-like lower body.


Message History

You hear an angry hiss.
You hear a shout!
Something shouts, "Back with thee, thou rank weather-bitten nert!"
You see here a +0 whip.
The howler monkey barely misses you. x2
There is a stone staircase leading up here.
You hit the howler monkey but do no damage.
The howler monkey hits you but does no damage.
The howler monkey hits you.
You hit the howler monkey but do no damage.
The howler monkey hoots and howls with incredible vigour!
You hear a shout!
You hear an angry hiss. x2; You hear a shout! x2
You hit the jelly.
Your hands burn!
The jelly is lightly wounded.
You hear an angry hiss.
The howler monkey hits you but does no damage.
The jelly hits you but does no damage.
You puncture the jelly! The acid corrodes you!
Your hands burn!
The jelly is severely wounded.
The howler monkey barely misses you. The jelly hits you but does no damage.
The howler monkey barely misses you.
You hit the jelly. The acid corrodes you!
Your hands burn!
The jelly is almost dead.
The jelly closely misses you. The howler monkey barely misses you.
You hit the jelly but do no damage.
Your hands burn!
The jelly is almost dead.
The howler monkey hits you! The jelly hits you.
You are splashed with acid!
You hit the jelly but do no damage.
Your hands burn!
The jelly is almost dead.
The howler monkey hits you.
* * * LOW HITPOINT WARNING * * *
The jelly hits you.
* * * LOW HITPOINT WARNING * * *
You are splashed with acid!
* * * LOW HITPOINT WARNING * * *
You feel better. The howler monkey hits you!
* * * LOW HITPOINT WARNING * * *
The jelly hits you.
* * * LOW HITPOINT WARNING * * *
The acid corrodes you!
You are splashed with acid!
You die...

#. .. #.#..
#...#
#...###
#.....#####
#..#.......
#.h..(.....
#.@).......
#..J....<..
#..........
#..........
#..####....
#.## ....
#. .#. .. .


You could see a howler monkey and a jelly.

Vanquished Creatures
  A howler monkey (D:4)
  A jelly (D:4)
  4 gnolls (D:3)
  5 adders
  A worm (D:2)
  2 dart slugs
  An orc (D:5)
  6 ball pythons
  4 endoplasms
  4 giant cockroaches
  5 goblins
  3 hobgoblins
  2 jackals (D:1)
  5 kobolds
  3 quokkas
  3 bats (D:1)
  A frilled lizard (D:1)
  2 rats (D:1)
53 creatures vanquished.

Vanquished Creatures (others)
  7 fungi (D:5)
7 creatures vanquished.

Grand Total: 60 creatures vanquished

Notes
Turn   | Place    | Note
-------+----------+-------------------------------------------
     0 | D:1      | Shayle the Naga Reaver began the quest for the Orb.
     0 | D:1      | Reached XP level 1. HP: 19/19 MP: 3/3
    40 | D:1      | Reached XP level 2. HP: 18/26 MP: 5/5
    99 | D:1      | You fall into a shaft and drop 1 floor!
   186 | D:1      | Found a faded altar of an unknown god.
   359 | D:1      | Reached XP level 3. HP: 32/32 MP: 6/6
  1055 | D:2      | Found a shadowy altar of Dithmenos.
  1486 | D:3      | HP: 1/40 [gnoll/+0 spear (3)]
  1489 | D:3      | Reached XP level 4. HP: 4/35 MP: 5/7
  2615 | D:4      | Found a snail-covered altar of Cheibriados.
  2649 | D:4      | Reached XP level 5. HP: 34/48 MP: 9/9
  2678 | D:4      | Became a worshipper of Cheibriados the Contemplative
  2843 | D:4      | Found a radiant altar of Vehumet.
  3110 | D:5      | Entered Level 5 of the Dungeon
  3125 | D:5      | Splashed by a jelly's acid

Illustrated notes

Levels and vault maps discovered:
D:1:      scummos_arrival_hexagon, layout_basic, basic_ecumenical_altar,
          minmay_tetromino_i2
D:2:      layout_loops_ring, basic_altar
D:3:      layout_basic
D:4:      layout_basic, mainiacjoe_overflow_paths, nicolae_vehumet_radiance
D:5:      kb_forest_paths, layout_rooms, mainiacjoe_overflow_alcove_1,
          gup_sewer_entry_bubbles, serial_aquarium, aquarium_bridge_straight
          [aquarium_subvault_bridge, aquarium_subvault_window,
          aquarium_subvault_bridge, aquarium_subvault_wall], aquarium_window_2,
          aquarium_window_1, aquarium_window_1, aquarium_view_2c,
          aquarium_balcony_1b, aquarium_pool_four

Skill      XL: |  1  2  3  4  5 |
---------------+----------------+-----
Dodging        | 2 |  2.5
Fighting       | 3 |  3.1
Spellcasting   | 3 |  3.0
Polearms       | |  3.8
Conjurations   | |  3.8

Action                   |  1- 3 |  4- 6 || total
-------------------------+-------+-------++-------
Melee: Spear             |    81 |       ||    81
       Punch             |     1 |       ||     1
       Trident           |     2 |    64 ||    66
Throw: Dart              |     2 |     6 ||     8
 Cast: Kiss of Death     |     1 |       ||     1
 Abil: Spit Poison       |    20 |    11 ||    31
  Use: Potion            |     4 |     1 ||     5
Armor: Leather armour    |    21 |     4 ||    25
       Skin              |    10 |     1 ||    11
       Ring mail         |       |    21 ||    21
Dodge: Dodged            |    42 |    37 ||    79

Table legend: (Time is in decaauts)
 A = Elapsed time spent in this place.
 B = Non-inter-level travel time spent in this place.
 C = Inter-level travel time spent in this place.
 D = Time resting spent in this place.
 E = Time spent auto-exploring this place.
 F = Levels seen in this place.
 G = Mean time per level.
                   A        B        C        D        E       F      G
               +--------+--------+--------+--------+--------+-----+--------+
         Total |   4294 |   4049 |    245 |    115 |   3197 |   5 |  858.8 |
       Dungeon |   4294 |   4049 |    245 |    115 |   3197 |   5 |  858.8 |
               +--------+--------+--------+--------+--------+-----+--------+

Top non-repeatable levels by time:
     D:3: 1480 daAuts
     D:2: 1018 daAuts
     D:4: 916 daAuts
     D:1: 861 daAuts
     D:5: 17 daAuts
